 Dungeon Crawl Stone Soup version 0.29-a0-284-gf9362112df (webtiles) character file.

Game seed: 8608107482402230935

2316 spaghetti the Basher (level 9, 0/74 (84) HPs)
             Began as an Ogre Chaos Knight on Mar 20, 2022.
             Was a Plaything of Xom.
             Slain by a wight
             ... wielding a +4 flail
              (14 damage)
             ... on level 7 of the Dungeon.
             The game lasted 00:13:47 (6144 turns).

spaghetti the Basher (Ogre Chaos Knight)            Turns: 6144, Time: 00:13:47

HP:   0/74 (84)     AC:  5    Str: 26    XL:     9   Next: 41%
MP:   9/9           EV: 13    Int: 13    God:    Xom [.*....]
Gold: 538           SH:  0    Dex:  8    Spells: 8/8 levels left

rFire   . . .      SeeInvis .   a - +1 mace (elec) {mace}
rCold   . . .      Faith    .   (no shield)
rNeg    . . .      Spirit   .   b - +2 robe
rPois   +          Reflect  .   (helmet restricted)
rElec   .          Harm     .   (no cloak)
rCorr   .          Rampage  .   (gloves unavailable)
Will    +....                   (boots unavailable)
Stlth   +.........              (no amulet)
HPRegen 1.02/turn               j - +4 ring of evasion
MPRegen 0.11/turn               (no ring)

@: heavily drained
A: large, unfitting armour, tough skin 1, horns 1, strong-willed 1, poison
resistance, regeneration 1, strong 2
a: Renounce Religion


You were on level 7 of the Dungeon.
You worshipped Xom.
You were a plaything of Xom.
You visited 1 branch of the dungeon, and saw 7 of its levels.

You collected 1139 gold pieces.
You spent 601 gold pieces at shops.


Innate Abilities, Weirdness & Mutations

You are too large for most types of armour.
You have tough skin. (AC +1)
You have a pair of small horns on your head.
You are strong-willed. (Will+)
Your system is resistant to poisons. (rPois)
Your natural rate of healing is unusually fast.
Your muscles are very strong. (Str +4)


   Skills:
 - Level 4.0 Fighting
 + Level 10.6 Maces & Flails
 - Level 5.0 Throwing
 - Level 2.1 Dodging


You had 8 spell levels left.
You didn't know any spells.
Your spell library contained the following spells:

 Spells                   Type           Power      Damage    Failure   Level
 Slow                     Hex            0%         N/A       30%         1
 Corpse Rot               Necr/Air       0%         N/A       43%         2
 Poisonous Vapours        Pois/Air       0%         N/A       43%         2
 Static Discharge         Conj/Air       0%         N/A       43%         2
 Confusing Touch          Hex            0%         N/A       67%         3
 Gell's Gravitas          Tloc           0%         N/A       67%         3
 Ignite Poison            Fire/Tmut/Pois 0%         N/A       67%         3
 Lesser Beckoning         Tloc           0%         N/A       67%         3
 Mephitic Cloud           Conj/Pois/Air  0%         N/A       67%         3
 Teleport Other           Tloc           0%         N/A       67%         3
 Vampiric Draining        Necr           0%         2d6       67%         3
 Dispel Undead            Necr           0%         3d6       97%         4
 Sticky Flame             Conj/Fire      0%         2d3       97%         4
 Freezing Cloud           Conj/Ice/Air   0%         6-21      100%        5

Inventory:

Hand Weapons
 a - a +1 mace of electrocution (weapon) {mace}
 r - a +0 giant club {mace}
   (You took it off an ogre on level 4 of the Dungeon)
Missiles
 d - 3 throwing nets {=f!fthrowing}
 f - 137 stones (quivered) {throwing}
 g - 6 javelins {throwing}
 t - 9 poisoned darts {throwing}
 z - a curare-tipped dart {=fthrowing}
Armour
 b - a +2 robe (worn)
Magical Staves
 p - a staff of death {!astaff}
   (You took it off a gnoll on level 3 of the Dungeon)
Jewellery
 h - a ring of flight
   (You found it on level 1 of the Dungeon)
 j - a +4 ring of evasion (left hand)
   (You bought it in a shop on level 2 of the Dungeon)
 k - a ring of ice
   (You found it on level 2 of the Dungeon)
 m - a ring of protection from cold
   (You found it on level 3 of the Dungeon)
 s - a ring of resist corrosion
   (You found it on level 5 of the Dungeon)
 x - a ring of positive energy
   (You took it off Dowan on level 5 of the Dungeon)
Scrolls
 e - a scroll of holy word
 o - a scroll of fear
 u - a scroll of vulnerability {!r!r}
 v - a scroll of immolation {!r!r}
 y - a scroll of identify {@r1}
 A - 3 scrolls of teleportation {@r4}
 G - a scroll of magic mapping {!r}
 H - a scroll of summoning
 I - a scroll of enchant armour {unknown}
Potions
 i - 3 potions of attraction {!q}
 l - a potion of flight {unknown}
 n - 3 potions of heal wounds {@q2}
 q - a potion of curing {@q1}
 w - a potion of brilliance {unknown}
 B - a potion of ambrosia {unknown}
 C - a potion of haste {unknown}
 D - a potion of lignification {unknown}
 E - a potion of might
 F - 2 potions of berserk rage {unknown}
Miscellaneous
 c - a piece from Xom's chessboard (15/15)

Dungeon Overview and Level Annotations

Branches:
Dungeon (7/15)             Temple (0/1) D:5

Altars:
Hepliaklqana

Shops:
D:2 =   D:7 *

Portals:
Bailey: D:7

.... #...#.....≈.>.≈.
.....#...#.....≈≈≈≈≈.
.....#...'.....(.....
.....'...#...))'...+
...##..z#.5z.(#..
######...#...?.#
######....#..5#.....#
#.........#..z#8....#
#.........#..@#.....#
+.........#..8.∩.8..#
#...##...##...#<....#
##...##...###'##8....#
#.........#....+.....+
#.........#....#.....#
#.........'....#.....#
#....##...######.....#
#....##...# ......#


You could see 2 wights and a friendly shadow imp (summoned).


Message History

You kill the goblin!
You closely miss the wight. The wight barely misses you.
The wight closely misses you.
You barely miss the wight. Your headbutt misses the wight.
The wight barely misses you. x2 😕 HP[-12]
You now have 83 max hp (-1).
You take 12 damage, and now have 72/83 hp.
You hit the wight. 😕 HP[+1]
You hit the wight. The wight closely misses you.
The wight hits you with a +4 great sword of freezing.
You feel drained. The wight freezes you. 😕 HP[-5]
You now have 81 max hp (-2).
You take 5 damage, and now have 68/81 hp.
You hit the wight but do no damage. Your headbutt misses the wight.
The wight hits you with a +4 flail! The wight misses you.
The wight hits you from afar with a +0 halberd.
You feel drained. 😮 HP[-12]
You now have 80 max hp (-1).
You take 12 damage, and now have 56/80 hp.
You hit the wight. Lightning courses through the wight!!
You destroy the wight!
The wight hits you with a +4 flail.
You feel drained. The wight barely misses you. 😮 HP[-3]
You now have 81 max hp (+1).
You take 3 damage, and now have 53/81 hp.
You closely miss the wight. The wight hits you with a +4 flail.
You feel drained. The wight barely misses you. 😮 HP[-3]
You now have 79 max hp (-2).
You take 3 damage, and now have 50/79 hp.
You sock the wight! The wight closely misses you.
The wight barely misses you. 😮 HP[+1]
You closely miss the wight. You headbutt the wight.
The wight barely misses you.
The wight hits you from afar with a +0 halberd.
You feel drained. 😮 HP[-5]
You now have 77 max hp (-2).
You take 5 damage, and now have 46/77 hp.
You closely miss the wight. The wight hits you with a +4 flail.
The wight misses you. 😮 HP[-2]
You take 2 damage, and now have 44/77 hp.
Unknown command.
You barely miss the wight. Your headbutt misses the wight.
You barely miss the wight.
The wight hits you from afar with a +0 halberd.
You feel drained. The wight hits you with a +4 flail!
* * * LOW HITPOINT WARNING * * *
😨 HP[-12]
You now have 76 max hp (-1).
You take 12 damage, and now have 32/76 hp.
You barely miss the wight. The wight hits you with a +4 flail!
* * * LOW HITPOINT WARNING * * *
You feel drained.
* * * LOW HITPOINT WARNING * * *
The wight misses you. 😨 HP[-9]
You now have 74 max hp (-2).
You take 9 damage, and now have 23/74 hp.
You closely miss the wight.
The wight barely misses you. x2 😨 HP[+1]
You hit the wight but do no damage. The wight hits you with a +4 flail.
* * * LOW HITPOINT WARNING * * *
The wight completely misses you.
Unknown command.
The wight attacks as you move away! The wight misses you. 😨 HP[+1]
The wight attacks as you move away! The wight hits you with a +4 flail!
* * * LOW HITPOINT WARNING * * *
"Serve the mortal, my child!" 😱 HP[-9]
You take 9 damage, and now have 16/74 hp. 😱 HP[+1]
The wight hits your shadow imp with a +0 halberd!
Your shadow imp hits the wight.
There is an open door here. 😱 HP[+1] 😨 HP[+1] 😨 HP[+1]
The wight attacks as you move away! The wight hits you with a +4 flail!
* * * LOW HITPOINT WARNING * * *
The wight closely misses your shadow imp. 😱 HP[-9]
You take 9 damage, and now have 11/74 hp. 😱 HP[+1]
The wight attacks as you move away!
The wight closely misses you. 😱 HP[+1] 😱 HP[+1]
The wight attacks as you move away! The wight hits you with a +4 flail!
You die...

Skill      XL: |  1  2  3  4  5  6  7  8  9 |
---------------+----------------------------+-----
Maces & Flails | 3 4 5 6 7 9 10 | 10.6
Throwing       | 2 3 5 |  5.0
Fighting       | |  4.0
Dodging        | |  2.1

Action                   |  1- 3 |  4- 6 |  7- 9 || total
-------------------------+-------+-------+-------++-------
Melee: Mace              |    53 |   157 |   281 ||   491
       Headbutt          |     2 |    17 |    41 ||    60
       Punch             |       |     1 |     5 ||     6
Throw: Stone             |       |    29 |    12 ||    41
Evoke: Piece from Xom's  |     1 |       |       ||     1
  Use: Potion            |     2 |     2 |       ||     4
       Scroll            |       |     7 |     6 ||    13
 Stab: Sleeping          |     2 |       |       ||     2
Armor: Robe              |    24 |    59 |   105 ||   188
Dodge: Dodged            |    27 |   140 |   327 ||   494

Levels and vault maps discovered:
D:1:      evilmike_arrival_hilbert_curve, layout_loops_corners
D:2:      layout_loops_cross, serial_shops, nicolae_diamond_shop,
          shapermc_ecumenical_altar_mp_urbaneastern, uniq_natasha
D:3:      layout_rooms, nicolae_hepliaklqana_monster_ancestors
D:4:      layout_rooms, minmay_gold_behind_fungi, uniq_robin
D:5:      layout_rooms, temple_green, nicolae_ossuary_entry_monument,
          serial_bayou_pond_b, uniq_duvessa, uniq_eustachio, uniq_sigmund
D:6:      layout_loops_ring
D:7:      layout_gridville, enter_bailey_5, serial_shops,
          nicolae_shop_statue_plus, nicolae_alphabet_shops,
          minmay_misc_feat_square

Notes
Turn   | Place    | Note
-------+----------+-------------------------------------------
     0 | D:1      | spaghetti the Ogre Chaos Knight began the quest for the
                  | Orb.
     0 | D:1      | Reached XP level 1. HP: 24/24 MP: 1/1
     0 | D:1      | magus.rc [v1.9.6]
    65 | D:1      | XOM: silly message
   211 | D:1      | XOM: scenery: 1 doors open
   334 | D:1      | Reached skill level 3 in Maces & Flails
   378 | D:1      | You pick up a book of Debilitation and begin reading...
   378 | D:1      | You add the spells Slow, Vampiric Draining and Confusing
                  | Touch to your library.
   388 | D:1      | Reached XP level 2. HP: 29/32 MP: 2/2
   769 | D:1      | Reached XP level 3. HP: 39/39 MP: 3/3
   973 | D:1      | XOM: summons 2 hostile demons
   974 | D:1      | Noticed a soul eater
   977 | D:1      | HP: 6/39 [shadow imp/nerve-wracking pain[Xom] (10)]
   987 | D:1      | HP: 4/39 [soul eater/drain life[Xom] (8)]
  1059 | D:2      | XOM: give mutations
  1059 | D:2      | Gained mutation: Your muscles are strong. (Str +2) [Xom's
                  | grace]
  1059 | D:2      | Gained mutation: You have hidden genetic potential. [Xom's
                  | grace]
  1059 | D:2      | Gained mutation: You have a pair of small horns on your
                  | head. [Xom's grace]
  1059 | D:2      | Gained mutation: Your muscles are very strong. (Str +4)
                  | [Xom's grace]
  1255 | D:2      | Found Elamank's Jewellery Shop.
  1285 | D:2      | Noticed Natasha
  1296 | D:2      | XOM: enchant monster (good)
  1331 | D:2      | Killed Natasha
  1332 | D:2      | Reached skill level 4 in Maces & Flails
  1335 | D:2      | Reached XP level 4. HP: 44/48 MP: 4/4
  1335 | D:2      | Noticed Natasha
  1347 | D:2      | Killed Natasha
  1368 | D:2      | Gained mutation: You are strong-willed. (Will+) [hidden
                  | potential]
  1728 | D:2      | Noticed Natasha
  1738 | D:2      | Killed Natasha
  1739 | D:2      | Reached skill level 5 in Maces & Flails
  1857 | D:2      | XOM: god gift: scroll labelled ORESAR ZUKEGO {god gift}
  1896 | D:2      | Reached XP level 5. HP: 30/54 MP: 5/5
  1899 | D:2      | XOM: god gift: 688 gold pieces
  1916 | D:2      | Bought a +4 ring of evasion for 468 gold pieces
  2162 | D:2      | Found a faded altar of an unknown god.
  2305 | D:3      | Reached skill level 1 in Throwing
  2311 | D:3      | Gained mutation: You have great hidden genetic potential.
                  | [hidden potential]
  2311 | D:3      | Lost mutation: You have great hidden genetic potential.
                  | [hidden potential expressed]
  2884 | D:3      | Found a hazy altar of Hepliaklqana.
  2913 | D:3      | XOM: noise
  2986 | D:3      | XOM: noise
  3006 | D:3      | XOM: cast spell 'Call Canine Familiar'
  3240 | D:3      | XOM: smoke on damage
  3249 | D:3      | HP: 13/54 [poisoned by a goblin]
  3254 | D:3      | HP: 9/54 [poisoned by a goblin]
  3372 | D:2      | XOM: stat loss: -1 Dex (7/8)
  3516 | D:3      | Reached skill level 2 in Throwing
  3516 | D:3      | Reached XP level 6. HP: 60/62 MP: 6/6
  3528 | D:4      | Gained mutation: Your natural rate of healing is unusually
                  | fast. [hidden potential]
  3557 | D:4      | Noticed Robin
  3564 | D:4      | Killed Robin
  3674 | D:4      | Reached skill level 3 in Throwing
  3846 | D:4      | XOM: chaos cloud
  3859 | D:4      | XOM: stat loss: -1 Int (12/13)
  3882 | D:5      | Entered Level 5 of the Dungeon
  3882 | D:5      | Noticed Duvessa
  3882 | D:5      | Noticed Dowan
  3882 | D:5      | XOM: divination: detect items
  3892 | D:4      | Reached skill level 6 in Maces & Flails
  3892 | D:4      | Reached XP level 7. HP: 63/70 MP: 7/7
  3982 | D:4      | XOM: 3-stop teleportation journey
  3998 | D:4      | Gained mutation: Your system is resistant to poisons.
                  | (rPois) [hidden potential]
  3998 | D:4      | Lost mutation: You have hidden genetic potential. [hidden
                  | potential expressed]
  4013 | D:4      | You pick up a book of Vapours and begin reading...
  4013 | D:4      | You add the spells Poisonous Vapours and Corpse Rot to your
                  | library.
  4079 | D:5      | XOM: polymorph gnoll shaman -> adder
  4085 | D:5      | Noticed Eustachio
  4087 | D:5      | Noticed Duvessa
  4087 | D:5      | Duvessa changed into Duvessa the iguana
  4087 | D:5      | XOM: polymorph Duvessa -> Duvessa the iguana
  4118 | D:5      | Noticed Sigmund
  4122 | D:5      | XOM: silly message
  4268 | D:4      | XOM: divination: detect items
  4270 | D:5      | XOM: potion effect (berserk rage)
  4275 | D:4      | Reached skill level 4 in Throwing
  4280 | D:5      | XOM: potion effect (might)
  4301 | D:4      | XOM: silly message
  4372 | D:5      | XOM: divination: detect creatures
  4382 | D:5      | Noticed Duvessa
  4382 | D:5      | Duvessa the iguana changed into Duvessa the gnoll
  4382 | D:5      | XOM: polymorph Duvessa the iguana -> Duvessa the gnoll
  4384 | D:5      | XOM: cleaving
  4440 | D:4      | XOM: fog
  4465 | D:4      | XOM: summons 2 hostile demons
  4468 | D:5      | XOM: divination: detect items
  4478 | D:5      | Killed Sigmund
  4479 | D:5      | Reached skill level 7 in Maces & Flails
  4479 | D:5      | Reached skill level 5 in Throwing
  4479 | D:5      | Reached XP level 8. HP: 69/78 MP: 8/8
  4482 | D:5      | XOM: silly message
  4485 | D:5      | You pick up a book of Displacement and begin reading...
  4485 | D:5      | You add the spells Lesser Beckoning, Gell's Gravitas and
                  | Teleport Other to your library.
  4496 | D:5      | XOM: cast spell 'Summon Mana Viper'
  4517 | D:5      | Reached skill level 8 in Maces & Flails
  4618 | D:5      | XOM: enchant monster (good)
  4623 | D:5      | XOM: destruction
  4648 | D:4      | XOM: stat loss: -1 Int (12/13)
  4676 | D:5      | Killed Eustachio
  4677 | D:5      | Reached skill level 9 in Maces & Flails
  4694 | D:5      | Killed Duvessa the gnoll
  4702 | D:5      | XOM: chaos cloud
  4887 | D:5      | Killed Dowan
  4888 | D:5      | Reached XP level 9. HP: 84/84 MP: 9/9
  4892 | D:5      | XOM: stat loss: -1 Str (25/26)
  5013 | D:5      | XOM: polymorph gnoll -> jelly
  5107 | D:5      | XOM: draining
  5119 | D:5      | You pick up a book of Touch and begin reading...
  5119 | D:5      | You add the spells Static Discharge, Sticky Flame and
                  | Dispel Undead to your library.
  5160 | D:5      | Found a staircase to the Ecumenical Temple.
  5500 | D:6      | Reached skill level 10 in Maces & Flails
  5631 | D:6      | Noticed a glowing shapeshifter
  5631 | D:6      | a black bear changed into a glowing shapeshifter
  5631 | D:6      | XOM: polymorph black bear -> glowing shapeshifter
  5631 | D:6      | Noticed a shining eye
  5631 | D:6      | a glowing shapeshifter changed into a shining eye
  5632 | D:6      | a shining eye changed into a swamp worm
  5635 | D:6      | Noticed an elephant
  5635 | D:6      | a swamp worm changed into an elephant
  5636 | D:6      | Noticed an eye of devastation
  5636 | D:6      | an elephant changed into an eye of devastation
  5639 | D:6      | an eye of devastation changed into a dream sheep
  5686 | D:6      | You add the spells Ignite Poison, Mephitic Cloud and
                  | Freezing Cloud to your library.
  6096 | D:7      | Found Jywyocs's General Store.
  6100 | D:7      | Bought a scroll of summoning for 133 gold pieces
  6102 | D:7      | Found a flagged portal.
  6135 | D:7      | HP: 15/74 [wight/+4 flail (10)]
  6135 | D:7      | XOM: summons friendly shadow imp
  6140 | D:7      | HP: 10/74 [wight/+4 flail (10)]
  6144 | D:7      | Slain by a wight

Vanquished Creatures
  A dream sheep (shapeshifter) (D:6)
  Sigmund (D:5)
  Eustachio (D:5)
  2 ogres (D:4)
  3 phantoms
  A kobold brigand (D:5)
  A necrophage (D:4)
  2 gnoll sergeants (D:5)
  3 scorpions
  2 wights (D:7)
  Dowan (D:5)
  A hound (D:4)
  2 jellies
  2 gnoll shamans (D:4)
  2 orc priests
  Natasha (thrice) (D:2)
  An iguana (D:5)
  Robin (D:4)
  22 gnolls
  7 adders
  A white imp (D:4)
  2 ufetubi
  2 worms
  2 dart slugs
  11 orcs
  3 ball pythons
  6 endoplasms
  4 giant cockroaches
  16 goblins
  8 hobgoblins
  3 jackals (D:2)
  A quokka (D:4)
  5 bats
  2 frilled lizards
  9 kobolds
  6 rats
  A spectral hobgoblin (D:3)
141 creatures vanquished.

Vanquished Creatures (collateral kills)
  A black bear (D:5)
  A gnoll (D:1)
  An orc (D:3)
  A jackal (D:2)
4 creatures vanquished.

Vanquished Creatures (others)
  A gnoll (D:5)
  12 fungi (D:4)
  A plant (D:5)
  3 toadstools (D:4)
17 creatures vanquished.

Grand Total: 162 creatures vanquished

Table legend:
 A = Non-vault XP
 B = Vault XP
 C = Vault XP percentage of total XP
 D = Non-vault monster count
 E = Vault monster count
 F = Vault count percentage of total count
                 A         B        C        D         E       F
            +---------+---------+-------+---------+---------+-------
      Total |    2587 |     722 |  21.8 |     122 |      25 |  17.0
            +---------+---------+-------+---------+---------+-------
        D:1 |      40 |       0 |   0.0 |      15 |       0 |   0.0
        D:2 |      93 |      36 |  27.9 |      11 |       1 |   8.3
        D:3 |     247 |       9 |   3.5 |      28 |       5 |  15.2
        D:4 |     725 |      82 |  10.2 |      32 |      10 |  23.8
        D:5 |     714 |     587 |  45.1 |      21 |       5 |  19.2
        D:6 |     616 |       0 |   0.0 |      13 |       0 |   0.0
        D:7 |     152 |       8 |   5.0 |       2 |       4 |  66.7
            +---------+---------+-------+---------+---------+-------

Illustrated notes

Table legend:
 A = Kills in this place as a percentage of kills in entire the game.
 B = Kills by you in this place as a percentage of kills by you in the entire game.
 C = Kills by friends in this place as a percentage of kills by friends in the entire game.
 D = Other kills in this place as a percentage of other kills in the entire game.
 E = Experience gained in this place as a percentage of experience gained in the entire game.
 F = Experience gained in this place divided by the number of levels of this place that you have seen.
                   A       B       C       D       E      F
               +-------+-------+-------+-------+-------+----------------------
         Total | 100.0 | 100.0 | 100.0 | 100.0 | 100.0 | 472.7
       Dungeon | 100.0 | 100.0 | 100.0 | 100.0 | 100.0 | 472.7
               +-------+-------+-------+-------+-------+----------------------

Table legend: (Time is in decaauts)
 A = Elapsed time spent in this place.
 B = Non-inter-level travel time spent in this place.
 C = Inter-level travel time spent in this place.
 D = Time resting spent in this place.
 E = Time spent auto-exploring this place.
 F = Levels seen in this place.
 G = Mean time per level.
                   A        B        C        D        E       F      G
               +--------+--------+--------+--------+--------+-----+--------+
         Total |   6207 |   5935 |    272 |   1327 |   3226 |   7 |  886.7 |
       Dungeon |   6207 |   5935 |    272 |   1327 |   3226 |   7 |  886.7 |
               +--------+--------+--------+--------+--------+-----+--------+

Top non-repeatable levels by time:
     D:2: 1502 daAuts
     D:4: 1104 daAuts
     D:3: 1039 daAuts
     D:1: 1008 daAuts
     D:5: 791 daAuts
     D:6: 674 daAuts
     D:7: 86 daAuts
